 Dungeon Crawl Stone Soup version 0.29-a0-982-gaed3a0c8d8 (webtiles) character file.

Game seed: 7057109218365661705

2 MisterAzrael the Stinger (level 1, 0/10 HPs)
             Began as a Deep Elf Venom Mage on Aug 2, 2022.
             Slain by a goblin
             ... wielding a +0 dagger
              (1 damage)
             ... on level 1 of the Dungeon.
             The game lasted 00:00:18 (58 turns).

MisterAzrael the Stinger (Deep Elf Venom Mage)        Turns: 58, Time: 00:00:18

Health: 0/10       AC:  2    Str:  5    XL:     1   Next: 33%
Magic:  1/6        EV: 12    Int: 19    God:
Gold:   0          SH:  0    Dex: 15    Spells: 5/6 levels left

rFire   . . .      SeeInvis .   (no weapon)
rCold   . . .      Faith    .   (no shield)
rNeg    . . .      Spirit   .   a - +0 robe
rPois   .          Reflect  .   (no helmet)
rElec   .          Harm     .   (no cloak)
rCorr   .          Rampage  .   (no gloves)
Will    .....                   (no boots)
Stlth   ++........              (no amulet)
HPRegen 0.03/turn               (no ring)
MPRegen 0.10/turn               (no ring)

@: no status effects
A: no striking features
a: no special abilities


You were on level 1 of the Dungeon.
You visited 1 branch of the dungeon, and saw 1 of its levels.

Inventory:

Armour
 a - a +0 robe (worn)
Scrolls
 c - a scroll of torment {unknown}
Potions
 b - a potion of magic


   Skills:
 - Level 2.4 Dodging
 - Level 2.4 Stealth
 + Level 3.1 Spellcasting
 + Level 1.2 Transmutations
 + Level 3.3 Poison Magic


You had 5 spell levels left.
You knew the following spells:

 Your Spells              Type           Power      Damage    Failure   Level
a - Sting                 Tmut/Pois      44%        1d5       6%          1

Your spell library contained the following spells:

 Spells                   Type           Power      Damage    Failure   Level
 Poisonous Vapours        Pois/Air       18%        N/A       12%         2
 Mephitic Cloud           Conj/Pois/Air  7%         N/A       28%         3
 Olgreb's Toxic Radiance  Pois           15%        N/A       36%         4


Dungeon Overview and Level Annotations

Branches:
Dungeon (1/15)

Altars:


Message History

A goblin comes into view. It is wielding a +0 dagger.
The sting hits the goblin.
The goblin is poisoned.
The goblin is severely wounded.
You miscast Sting.
Nothing appears to happen.
You kill the goblin!
An endoplasm comes into view.
You can't see any susceptible monsters within range! (Use Z to cast anyway.)
The endoplasm quivers.
You see here a ball python corpse.
The sting misses the goblin.
The goblin hits you with a +0 dagger.
A goblin comes into view. It is wielding a +0 dagger.
The goblin attacks as you move away! The goblin hits you but does no damage.
The goblin attacks as you move away! The goblin hits you but does no damage.
You miscast Sting.
Nothing appears to happen.
The goblin closely misses you. The goblin barely misses you.
The endoplasm attacks as you move away! The endoplasm hits you.
The goblin attacks as you move away! The goblin closely misses you.
You see here a deep dwarf skeleton.
The endoplasm attacks as you move away!
The endoplasm hits you but does no damage.
You hit the goblin but do no damage. The endoplasm freezes you.
You are frozen.
The goblin hits you with a +0 dagger.
* * * LOW HITPOINT WARNING * * *
The goblin barely misses you. The endoplasm attacks as you move away!
The endoplasm hits you but does no damage.
Your magical contamination has completely faded away.
The endoplasm attacks as you move away! The endoplasm closely misses you.
The endoplasm attacks as you move away! The endoplasm barely misses you.
Aiming: Sting (safe; 6% risk of failure)
Press: ? - help, Q - select action Shift-Dir - straight line, f/p - goblin
Aim: a goblin, wielding a +0 dagger (64% to hit)
The sting hits the endoplasm.
The endoplasm partially resists.
The endoplasm is moderately wounded.
The endoplasm closely misses you. The endoplasm hits you.
* * * LOW HITPOINT WARNING * * *
The goblin hits you with a +0 dagger.
You die...

#∩......∩#.##?.#
##........[..÷.#
##......########
#∩.....##
#∩.....∩#
##...(.∩#
##g÷...∩#
#∩Jg...##
#∩.@...#
###...## #.(.#
#..## #<## ###


You could see an endoplasm and 2 goblins.

Vanquished Creatures
  A ball python (D:1)
  A goblin (D:1)
2 creatures vanquished.

Notes
Turn   | Place    | Note
-------+----------+-------------------------------------------
     0 | D:1      | MisterAzrael the Deep Elf Venom Mage began the quest for
                  | the Orb.
     0 | D:1      | Reached XP level 1. HP: 10/10 MP: 6/6
    58 | D:1      | Slain by a goblin

Illustrated notes

Levels and vault maps discovered:
D:1:      amcnicky_arrival_abandoned_market, layout_rooms, lemuel_another_geyser

Action                   || total
-------------------------++-------
Melee: Unarmed           ||     1
 Cast: Sting             ||     5
Armor: Robe              ||     5
Dodge: Dodged            ||    10

Table legend: (Time is in decaauts)
 A = Elapsed time spent in this place.
 B = Non-inter-level travel time spent in this place.
 C = Inter-level travel time spent in this place.
 D = Time resting spent in this place.
 E = Time spent auto-exploring this place.
 F = Levels seen in this place.
 G = Mean time per level.
                   A        B        C        D        E       F      G
               +--------+--------+--------+--------+--------+-----+--------+
         Total |     58 |     58 |      0 |      0 |     18 |   1 |   58.0 |
       Dungeon |     58 |     58 |      0 |      0 |     18 |   1 |   58.0 |
               +--------+--------+--------+--------+--------+-----+--------+

Top non-repeatable levels by time:
     D:1: 58 daAuts
